 Dungeon Crawl Stone Soup version 0.30-a0-137-gd8773701ce (webtiles) character file.

Game seed: 2946479158270354567

2585 Iusername the Protected (level 9, 0/79 HPs)
             Began as a Minotaur Fighter on Sept 21, 2022.
             Was an Initiate of the Shining One.
             Slain by a killer bee (4 damage)
             ... on level 8 of the Dungeon.
             The game lasted 00:13:44 (13705 turns).

Iusername the Protected (Minotaur Fighter)         Turns: 13705, Time: 00:13:45

Health: 0/79       AC: 13    Str: 24    XL:     9   Next: 32%
Magic:  8/8        EV: 11    Int:  5    God:    the Shining One [......]
Gold:   355        SH:  5    Dex: 11    Spells: 8/8 levels left

rFire   . . .      SeeInvis +    a - +2 long sword
rCold   . . .      Faith    .    c - +0 buckler
rNeg    . . .      Spirit   .    b - +0 scale mail
rPois   .          Reflect  .    (helmet restricted)
rElec   .          Harm     .    x - +2 cloak
rCorr   .          Rampage  .    h - +0 pair of gloves
Will    .....                    (no boots)
Stlth   ..........               (no amulet)
HPRegen 0.23/turn                t - ring of see invisible
MPRegen 0.11/turn                (no ring)

@: glowing
A: horns 2, retaliatory headbutt, hooves 1
a: Renounce Religion


You were on level 8 of the Dungeon.
You worshipped the Shining One.
The Shining One was noncommittal.
You visited 2 branches of the dungeon, and saw 9 of its levels.

You collected 355 gold pieces.

Inventory:

Hand Weapons
 a - a +2 long sword (weapon)
Missiles
 p - 2 throwing nets
Armour
 b - a +0 scale mail (worn)
 c - a +0 buckler (worn)
 h - a +0 pair of gloves (worn)
 x - a +2 cloak (worn)
Jewellery
 t - a ring of see invisible (left hand)
Wands
 j - a wand of flame (20) (quivered)
Scrolls
 i - a scroll of blinking
 m - a scroll of fog
 n - a scroll of torment
 o - 2 scrolls of poison
 s - a scroll of fear
 u - 2 scrolls of teleportation
Potions
 d - 2 potions of lignification
 e - 2 potions of brilliance {unknown}
 f - a potion of magic
 g - 2 potions of resistance
 l - a potion of degeneration {unknown}
 r - 2 potions of ambrosia {unknown}
 v - a potion of might
 w - 2 potions of flight


   Skills:
 + Level 7.0 Fighting
 + Level 9.1 Long Blades
 + Level 9.6 Armour
 + Level 3.3 Dodging
 + Level 1.7 Stealth
 + Level 5.4 Shields


You had 8 spell levels left.
You didn't know any spells.
Your spell library contained the following spells:

 Spells                   Type           Power      Damage    Failure   Level
 Apportation              Tloc           0%         N/A       82%         1
 Necrotise                Necr           0%         1d4       82%         1
 Summon Small Mammal      Summ           0%         N/A       82%         1
 Ensorcelled Hibernation  Hex/Ice        0%         N/A       91%         2
 Spider Form              Tmut/Pois      0%         N/A       99%         3
 Anguish                  Hex/Necr       0%         N/A       100%        4


Dungeon Overview and Level Annotations

Branches:
Dungeon (8/15)             Temple (1/1) D:6
   Lair: D:8-11

Altars:
Cheibriados
Dithmenos
Elyvilon
Gozag
Kikubaaqudgha
Makhleb
Nemelex Xobeh
Okawaru
Ru
Sif Muna
Trog
Uskayaw
Vehumet
Wu Jian
Yredelemnul
Zin
The Shining One

Shops:
D:7 :(


Innate Abilities, Weirdness & Mutations

You have a pair of horns on your head.
You reflexively headbutt those who attack you in melee.
You have large cloven feet.


Message History

The killer bee is moderately wounded.
You feel very sick.
The killer bee stings you but does no damage. x2
The killer bee closely misses you. x2; You furiously retaliate!
You headbutt the killer bee! The killer bee closely misses you. x2
You furiously retaliate!
You headbutt the killer bee, but do no damage.
You slash the killer bee! Your headbutt misses the killer bee.
The killer bee is almost dead.
You feel very sick. The killer bee closely misses you. You furiously retaliate!
You headbutt the killer bee.
The killer bee stings you but does no damage.
The killer bee barely misses you. The killer bee stings you.
* * * LOW HITPOINT WARNING * * *
The killer bee barely misses you. You block the killer bee's attack.
You feel better. The killer bee stings you.
* * * LOW HITPOINT WARNING * * *
You are poisoned.
The killer bee poisons you! The killer bee stings you.
* * * LOW HITPOINT WARNING * * *
The killer bee stings you!
* * * LOW HITPOINT WARNING * * *
The killer bee stings you but does no damage. x2
The killer bee stings you.
* * * LOW HITPOINT WARNING * * *
You feel better. The killer bee closely misses you. You furiously retaliate!
You headbutt the killer bee!
You kill the killer bee!
You block the killer bee's attack.
The killer bee stings you but does no damage.
The killer bee barely misses you. You furiously retaliate!
You headbutt the killer bee.
The killer bee stings you but does no damage.
The killer bee stings you.
* * * LOW HITPOINT WARNING * * *
The killer bee barely misses you. The killer bee stings you.
* * * LOW HITPOINT WARNING * * *
The killer bee stings you.
You die...

#.##.##.#
#.......#
#+#######
####.####
#.......# #.#
#.......# #.#
##.......######.#
##..........(....#
#.....y...########
.#....@...#
##...y...#
........####
...##.#### .. #. #
#. #


You could see 2 killer bees.

Vanquished Creatures
  Grinder (D:4)
  A wyvern (D:7)
  A steam dragon (D:7)
  A black bear (D:7)
  2 sky beasts
  A water moccasin (D:7)
  An orc warrior (D:6)
  An ice beast (D:7)
  4 ogres
  A centaur (D:7)
  A kobold brigand (D:6)
  A bullfrog (D:7)
  3 scorpions
  2 killer bees (D:8)
  3 howler monkeys
  A jelly (D:5)
  4 orc priests
  4 hounds
  Crazy Yiuf (D:5)
  2 iguanas
  An orc wizard (D:6)
  4 adders
  7 gnolls
  2 shadow imps (D:7)
  5 white imps
  3 dart slugs
  11 orcs
  8 endoplasms
  5 giant cockroaches
  6 hobgoblins
  7 jackals
  2 quokkas
  5 ball pythons
  6 bats
  5 frilled lizards
  7 goblins
  8 kobolds
  A rat (D:2)
129 creatures vanquished.

Vanquished Creatures (others)
  2 fungi (D:2)
  13 plants (D:3)
  2 withered plants (D:7)
17 creatures vanquished.

Grand Total: 146 creatures vanquished

Notes
Turn   | Place    | Note
-------+----------+-------------------------------------------
     0 | D:1      | Iusername the Minotaur Fighter began the quest for the Orb.
     0 | D:1      | Reached XP level 1. HP: 19/19 MP: 0/0
   113 | D:1      | Found a faded altar of an unknown god.
   195 | D:1      | Reached XP level 2. HP: 25/26 MP: 1/1
   639 | D:1      | Reached XP level 3. HP: 31/33 MP: 2/2
  2071 | D:2      | Reached XP level 4. HP: 30/40 MP: 3/3
  2913 | D:3      | Reached skill level 5 in Armour
  4407 | D:4      | Noticed an ogre
  4412 | D:4      | Killed an ogre
  4413 | D:4      | Reached XP level 5. HP: 35/47 MP: 4/4
  4705 | D:4      | Noticed Grinder
  4712 | D:4      | Paralysed by Grinder for 4 turns
  4718 | D:4      | Gained mutation: You have large cloven feet. [potion of
                  | mutation]
  4725 | D:4      | Killed Grinder
  4726 | D:4      | Reached skill level 5 in Long Blades
  4726 | D:4      | Reached skill level 1 in Dodging
  4726 | D:4      | Reached XP level 6. HP: 7/53 MP: 5/5
  5924 | D:4      | Reached skill level 1 in Stealth
  5924 | D:4      | Reached XP level 7. HP: 60/60 MP: 6/6
  6397 | D:5      | Entered Level 5 of the Dungeon
  6892 | D:5      | Found a runed translucent door.
  6893 | D:5      | Noticed Crazy Yiuf
  7052 | D:5      | Reached skill level 5 in Fighting
  8301 | D:5      | Killed Crazy Yiuf
  8526 | D:6      | Reached XP level 8. HP: 43/69 MP: 7/7
  8951 | D:6      | Found a staircase to the Ecumenical Temple.
  8969 | Temple   | Entered the Ecumenical Temple
  9115 | Temple   | Became a worshipper of the Shining One
 10016 | D:6      | HP: 1/70 [orc warrior/+0 war axe (11)]
 10025 | D:6      | HP: 3/105 [orc warrior/+0 war axe (4)]
 10881 | D:7      | HP: 2/70 [water moccasin (8)]
 11166 | D:7      | Found an ancient bone altar of Kikubaaqudgha.
 11509 | D:7      | Reached skill level 5 in Shields
 11509 | D:7      | Reached XP level 9. HP: 55/78 MP: 8/8
 11908 | D:7      | Found Aqiuzacerph's Weapon Boutique.
 12027 | D:7      | Found a hide-covered altar of Uskayaw.
 12033 | D:7      | Found a sacrificial altar of Ru.
 12101 | D:7      | Found an opulent altar of Gozag.
 12400 | D:7      | Found Lovviwa's Book Boutique.
 13703 | D:8      | HP: 2/79 [killer bee (5)]
 13705 | D:8      | Slain by a killer bee

Illustrated notes

Levels and vault maps discovered:
D:1:      psy_arrival_wood_between_worlds, layout_basic,
          hellmonk_ecumenical_altar_run_dry
D:2:      layout_basic, dreamdust_mushroom_princess
D:3:      layout_basic, corexii_item_surrounded_by_moat, serial_bayou_lagoon_a,
          corexii_leaking_fountain, chequers_decorated_corner,
          minmay_misc_feat_iff
D:4:      layout_basic, uniq_grinder
D:5:      layout_loops_corners, minmay_statues_item, kennysheep_doodads,
          uniq_crazy_yiuf_cottage
D:6:      layout_loops_ring, minmay_temple_entry_proselytizer
D:7:      layout_basic, mainiacjoe_overflow_cross_hatched,
          gammafunk_temple_overflow_pools, kiku_gazebo_garden_becter,
          serial_shops, shop, nicolae_lakefront_shop, grunt_ministairs_14
D:8:      layout_loops_corners
Temple:   eino_temple_scatter_basement

Skill      XL: |  1  2  3  4  5  6  7  8  9 |
---------------+----------------------------+-----
Shields        | 4 5 |  5.4
Armour         | 4 5 6 8 9 |  9.6
Long Blades    | 3 4 5 6 8 9 |  9.1
Fighting       | 4 5 6 7 |  7.0
Dodging        | 1 2 3 |  3.3
Stealth        | 1 |  1.7

Action                   |  1- 3 |  4- 6 |  7- 9 || total
-------------------------+-------+-------+-------++-------
Melee: Long sword        |   124 |    89 |   286 ||   499
       Headbutt          |     9 |    10 |    37 ||    56
       Kick              |       |    14 |    70 ||    84
  Use: Potion            |       |     5 |     6 ||    11
       Scroll            |       |     3 |     9 ||    12
Armor: Scale mail        |   103 |    27 |   129 ||   259
       Skin              |       |       |    11 ||    11
Dodge: Dodged            |    89 |    36 |   129 ||   254
Block: Buckler           |    39 |    16 |    61 ||   116

Table legend: (Time is in decaauts)
 A = Elapsed time spent in this place.
 B = Non-inter-level travel time spent in this place.
 C = Inter-level travel time spent in this place.
 D = Time resting spent in this place.
 E = Time spent auto-exploring this place.
 F = Levels seen in this place.
 G = Mean time per level.
                   A        B        C        D        E       F      G
               +--------+--------+--------+--------+--------+-----+--------+
         Total |  13763 |  13421 |    342 |   6778 |   5310 |   9 | 1529.2 |
       Dungeon |  13598 |  13266 |    332 |   6778 |   5181 |   8 | 1699.8 |
        Temple |    164 |    154 |     10 |      0 |    129 |   1 |  164.0 |
               +--------+--------+--------+--------+--------+-----+--------+

Top non-repeatable levels by time:
     D:7: 2488 daAuts
     D:6: 2265 daAuts
     D:4: 1997 daAuts
     D:5: 1976 daAuts
     D:2: 1619 daAuts
     D:3: 1581 daAuts
     D:1: 1232 daAuts
     D:8: 437 daAuts
  Temple: 164 daAuts
